 Dungeon Crawl Stone Soup version 0.30-a0-726-gd89dcf765f (webtiles) character file.

Game seed: 9998156386864282868

525 jimonade the Sneak (level 7, -3/35 HPs)
             Began as a Vine Stalker Brigand on Jan 30, 2023.
             Slain by Duvessa
             ... wielding a +0 rapier
              (5 damage)
             ... on level 4 of the Dungeon.
             The game lasted 00:05:25 (2960 turns).

jimonade the Sneak (Vine Stalker Brigand)           Turns: 2960, Time: 00:05:25

Health: -3/35      AC: 17    Str: 14    XL:     7   Next: 23%
Magic:  0/8        EV: 12    Int: 11    God:
Gold:   213        SH:  0    Dex: 17    Spells: 6/6 levels left

rFire   + . .      SeeInvis .    b - +1 dagger (protect)
rCold   . . .      Faith    .    (no shield)
rNeg    . . .      Spirit   +    p - +0 robe
rPois   .          Reflect  .    (no helmet)
rElec   .          Harm     .    c - +0 cloak
rCorr   .          Rampage  .    (no gloves)
Will    .....                    l - +2 pair of boots
Stlth   ++++                     (no amulet)
HPRegen 1.05/turn                q - +4 ring of protection
MPRegen 0.11/turn                n - ring of protection from fire

@: under a protective aura
A: fangs 2, regeneration 1, magic shield, antimagic bite, no potion heal 2
a: no special abilities


You were on level 4 of the Dungeon.
You visited 1 branch of the dungeon, and saw 4 of its levels.
You visited the Abyss 1 time.

You collected 213 gold pieces.

Inventory:

Hand Weapons
 a - a +2 dagger
 b - a +1 dagger of protection (weapon)
 s - a +1 scimitar of distortion
Missiles
 d - 11 poisoned darts (quivered)
 e - 3 curare-tipped darts
 r - 15 stones
Armour
 c - a +0 cloak (worn)
 g - a +0 ring mail
 h - a +0 leather armour
 l - a +2 pair of boots (worn)
 p - a +0 robe (worn)
Jewellery
 j - a ring of fire
 n - a ring of protection from fire (right hand)
 q - a +4 ring of protection (left hand)
Scrolls
 f - 7 scrolls of identify
Potions
 i - a potion of lignification {unknown}
 k - a potion of cancellation
 m - a potion of mutation {unknown}
 o - 2 potions of berserk rage {unknown}
 t - 2 potions of degeneration {unknown}
 u - a potion of haste {unknown}
 v - a potion of curing {unknown}
 w - a potion of attraction {unknown}
 x - a potion of flight {unknown}


   Skills:
 + Level 2.4 Fighting
 * Level 5.1 Short Blades
 + Level 1.9 Throwing
 + Level 2.1 Dodging
 + Level 7.0 Stealth


You had 6 spell levels left.
You didn't know any spells.
Your spell library contained the following spells:

 Spells                   Type           Power      Damage    Failure   Level
 Apportation              Tloc           0%         N/A       34%         1
 Blink                    Tloc           0%         N/A       47%         2
 Lesser Beckoning         Tloc           0%         N/A       47%         2
 Momentum Strike          Conj/Tloc      0%         3d8       47%         2
 Alistair's Intoxication  Tmut/Pois      0%         N/A       100%        5


Dungeon Overview and Level Annotations

Branches:
Dungeon (4/15)
 Temple: D:4-7

Altars:

Annotations:
D:4 Dowan, Duvessa


Innate Abilities, Weirdness & Mutations

You have extremely sharp teeth.
Your natural rate of healing is unusually fast.
When hurt, damage is shared between your health and your magic reserves.
Your bite disrupts and absorbs the magic of your enemies.
Potions cannot restore your health.


Message History

Duvessa is severely wounded.
The giant cockroach misses you.
The ogre hits you with a +0 giant club!!
Duvessa zaps a wand.
The roots erupt in riotous growth!
The grasping roots grab you!
The giant cockroach is unaffected.
The ogre is unaffected.
Duvessa is unaffected.
The grasping roots constrict you.
You hit Duvessa but do no damage. You bite Duvessa. You drain her power.
You feel invigorated.
Duvessa is almost dead.
The giant cockroach closely misses you.
Dowan's feet meld with the ground, briefly.
Duvessa hits you with a +0 rapier.
* * * LOW HITPOINT WARNING * * *
The grasping roots constrict you.
You barely miss Duvessa. You bite Duvessa, but do no damage.
Duvessa is almost dead.
The giant cockroach bites you but does no damage.
The ogre hits you with a +0 giant club.
* * * LOW HITPOINT WARNING * * *
Dowan casts a spell at Duvessa.
Duvessa seems to speed up.
Duvessa hits you but does no damage. The grasping roots constrict you.
You hit Duvessa but do no damage. You bite Duvessa, but do no damage.
Duvessa is almost dead.
The giant cockroach bites you but does no damage.
Duvessa hits you but does no damage. The grasping roots constrict you.
The grasping roots release their grip on you.
Okay, then.
You hit Duvessa but do no damage. You bite Duvessa, but do no damage.
Duvessa is almost dead.
The giant cockroach bites you but does no damage.
The ogre hits you with a +0 giant club!
* * * LOW HITPOINT WARNING * * *
Dowan gestures wildly while chanting.
Dowan blinks!
Duvessa barely misses you.
You hit Duvessa. You bite Duvessa, but do no damage.
Duvessa is almost dead.
The giant cockroach closely misses you. Duvessa hits you with a +0 rapier.
You die...

## .............))).#
#...###...###).## .
#... #...# #..##
..###...###...###...#
...................#
...................#
##.##e..#######..#
#.BO#.## .## ###@#.#
#e#.# #ยง#.# #J#.#
..#.# ###.# #.#


You could see Duvessa (fast), an ogre, Dowan, a jelly and a giant cockroach.

Vanquished Creatures
  A small abomination (Abyss:1)
  Blork the orc (D:4)
  3 orc priests
  2 orc wizards (D:4)
  3 gnolls (D:2)
  4 adders
  A worm (D:2)
  A dart slug (D:1)
  10 orcs
  2 bats (D:2)
  10 endoplasms
  5 giant cockroaches
  6 goblins
  12 hobgoblins
  7 jackals
  A kobold (D:3)
  5 quokkas
  2 ball pythons
  3 frilled lizards
  A rat (D:1)
80 creatures vanquished.

Vanquished Creatures (others)
  A hobgoblin (D:4)
1 creature vanquished.

Grand Total: 81 creatures vanquished

Notes
Turn   | Place    | Note
-------+----------+-------------------------------------------
     0 | D:1      | jimonade the Vine Stalker Brigand began the quest for the
                  | Orb.
     0 | D:1      | Reached XP level 1. HP: 11/11 MP: 2/2
    32 | D:1      | Reached skill level 5 in Stealth
    63 | D:1      | Reached XP level 2. HP: 15/15 MP: 3/3
   448 | D:1      | Reached XP level 3. HP: 18/18 MP: 4/4
   670 | D:2      | Reached skill level 1 in Dodging
   744 | D:2      | Reached skill level 6 in Stealth
   759 | D:2      | Gained mutation: Your natural rate of healing is unusually
                  | fast. [Vine Stalker growth]
   759 | D:2      | Reached XP level 4. HP: 4/23 MP: 1/5
  1611 | D:3      | Reached XP level 5. HP: 21/26 MP: 4/6
  2668 | D:4      | Noticed Blork the orc
  2685 | Abyss:1  | Cast into level 1 of the Abyss (Blork the orc)
  2710 | Abyss:1  | Noticed a small abomination
  2712 | Abyss:1  | Found a corrupted altar of Lugonu.
  2731 | Abyss:1  | Killed a small abomination
  2732 | Abyss:1  | Reached XP level 6. HP: 9/31 MP: 2/7
  2734 | D:4      | Escaped the Abyss
  2737 | D:4      | Killed Blork the orc
  2813 | D:4      | Reached skill level 5 in Short Blades
  2813 | D:4      | Reached XP level 7. HP: 23/35 MP: 4/8
  2895 | D:4      | Reached skill level 7 in Stealth
  2937 | D:4      | Noticed Duvessa
  2937 | D:4      | Noticed Dowan
  2959 | D:4      | HP: 1/35 [ogre/+0 giant club (10)]
  2960 | D:4      | Slain by Duvessa

Illustrated notes

Levels and vault maps discovered:
D:1:      lightli_molten_gateway, layout_basic
D:2:      layout_basic, chequers_serial_rivers_micro_b
D:3:      layout_basic, minmay_misc_feat_chi, ebering_dispersal_statue_hall
D:4:      layout_loops_ring, nicolae_overflow_crystal_walls,
          minmay_temple_entry_butterflies, nicolae_ossuary_entry_giza,
          kennysheep_boxes, uniq_duvessa, uniq_blork_the_orc

Skill      XL: |  1  2  3  4  5  6  7 |
---------------+----------------------+-----
Stealth        | 5 6 7 |  7.0
Short Blades   | 2 3 4 5 |  5.1
Dodging        | 1 2 |  2.1
Fighting       | 2 |  2.4
Throwing       | |  1.9

Action                     |  1- 3 |  4- 6 |  7- 9 || total
---------------------------+-------+-------+-------++-------
  Melee: Dagger            |    81 |   160 |    62 ||   303
         Bite              |    17 |    46 |    26 ||    89
         Punch             |     1 |       |       ||     1
    Use: Scroll            |     2 |     1 |       ||     3
   Stab: Sleeping          |     7 |     8 |       ||    15
         Distracted        |       |     1 |       ||     1
 Armour: Robe              |    18 |    44 |    41 ||   103
  Dodge: Dodged            |    44 |    75 |    27 ||   146

Table legend: (Time is in decaauts)
 A = Elapsed time spent in this place.
 B = Non-inter-level travel time spent in this place.
 C = Inter-level travel time spent in this place.
 D = Time resting spent in this place.
 E = Time spent auto-exploring this place.
 F = Levels seen in this place.
 G = Mean time per level.
                   A        B        C        D        E       F      G
               +--------+--------+--------+--------+--------+-----+--------+
         Total |   2907 |   2753 |    154 |      0 |   2152 |   5 |  581.4 |
       Dungeon |   2862 |   2708 |    154 |      0 |   2128 |   4 |  715.5 |
         Abyss |     45 |     45 |      0 |      0 |     24 |   1 |   45.0 |
               +--------+--------+--------+--------+--------+-----+--------+

Top non-repeatable levels by time:
     D:3: 1141 daAuts
     D:2: 860 daAuts
     D:1: 586 daAuts
     D:4: 274 daAuts
 Abyss:1: 45 daAuts
